Cogmind - Beta 14 *** ADVENTURER MODE // 2024.09.03 @ 21:52:18 Player: WimP_Lo Result: Destroyed by 0F-EDJ(R) with Subdweller Shrapnel Launcher Performance ------------- Evolutions (0) 0 Regions Visited (3) 600 Robots Destroyed (21) 105 Value Destroyed (445) 445 Prototype IDs (0) 0 Alien Tech Used (0) 0 Bonus (0) 0 TOTAL SCORE: 1150 Bonus ------- None Cogmind --------- Core Integrity 0/250 Matter 259/300 Energy 100/100 System Corruption 1% Temperature Cool (0) Movement Rolling (100) Location -10/Subcaves Parts ------- > --- POWER (1) -------- (None) > --- PROPULSION (2) --- Compact Wheel > --- UTILITY (2) ------ Signal Interpreter Core Shielding > --- WEAPON (2) ------- Heavy Assault Rifle > --- INVENTORY (5) ---- Seismic Detector Beam Cannon Barrage Gun Peak State ------------ > --- POWER ------------ Improved Ion Engine > --- PROPULSION ------- Light Treads Light Treads > --- UTILITY ---------- Signal Interpreter Core Shielding > --- WEAPON ----------- Heavy Assault Rifle Bore Cannon > --- INVENTORY -------- Compact Wheel Seismic Detector Beam Cannon [Rating: 13] Favorites ----------- Power Improved Ion Engine Engine Improved Ion Engine Propulsion Light Treads Treads Light Treads Wheel Compact Wheel Utility Signal Interpreter Device Seismic Detector Storage Small Storage Unit Processor Signal Interpreter Protection Core Shielding Weapon Small Laser Energy Gun Small Laser Energy Cannon Beam Cannon Ballistic Gun Light Assault Rifle Ballistic Cannon Bore Cannon Build | -11 -10 -10 -10 ------- Run | Yrd Mat Min Sub Slots Evolved . | . . . . Power . | . . . . Propulsion . | . . . . Utility . | . . . . Weapon . | . . . . Parts Attached 22 | 5 12 1 4 Power 2 | 1 . 1 . Engine 2 | 1 . 1 . Core . | . . . . Reactor . | . . . . Propulsion 6 | 1 4 . 1 Treads 5 | 1 4 . . Leg . | . . . . Wheel 1 | . . . 1 Hover . | . . . . Flight . | . . . . Utility 4 | 1 2 . 1 Device 1 | . 1 . . Storage 1 | 1 . . . Processor 1 | . 1 . . Hackware . | . . . . Protection 1 | . . . 1 Artifact . | . . . . Weapon 10 | 2 6 . 2 Energy Gun 5 | 2 3 . . Energy Cannon 1 | . 1 . . Ballistic Gun 3 | . 2 . 1 Ballistic Cannon 1 | . . . 1 Launcher . | . . . . Special Weapon . | . . . . Impact Weapon . | . . . . Slashing Weapon . | . . . . Piercing Weapon . | . . . . Special Melee Weapon . | . . . . Unidentified Prototypes . | . . . . Parts Lost 6 | . . . 6 Power 1 | . . . 1 Propulsion 2 | . . . 2 Utility . | . . . . Weapon 3 | . . . 3 Highest Loss Streak 2 | . . . 2 To Critical Strikes . | . . . . Average Slot Usage (%) 94 | . 93 100 89 Engine 13 | . 14 14 13 Treads 25 | . 27 28 16 Device 9 | . 8 14 3 Processor 13 | . 13 14 14 Protection 2 | . . . 10 Energy Gun 14 | . 21 14 3 Energy Cannon 6 | . 1 14 4 Ballistic Gun 3 | . 4 . 7 Ballistic Cannon 2 | . . . 10 Peak Build Rating 13 | 5 7 9 13 Average Rating 8 | 3 6 8 11 On Entrance 5 | . 5 7 9 Naked Turns . | . . . . Heaviest Build 20 | 13 13 12 20 Greatest Support 40 | 20 40 40 40 Greatest Overweight (x) 2 | 2 2 . 1 Average Overweight (x) . | . . . . Largest Inventory Capacity 8 | 8 8 5 5 Average Capacity 5 | 6 5 5 5 Most Carried 5 | 5 5 5 5 Average Carried 4 | 3 4 4 3 Final Capacity 8 | 8 5 5 5 Final Carried 5 | 4 5 5 3 Class Distribution -------------------- 100% | Mutant Dominant Class ---------------- Mutant | -10/Materials Mutant | -10/Mines Mutant | -10/Subcaves Resources | -11 -10 -10 -10 ----------- Run | Yrd Mat Min Sub Matter Collected 624 | 232 136 48 208 Remotely . | . . . . Salvage Created 442 | . 295 30 117 Parts 30 | . 26 . 4 Haulers Intercepted . | . . . . Recyclers Shooed . | . . . . Parts Field Recycled . | . . . . Retrieved Matter . | . . . . Parts Self-Destructed 11 | . . . 11 Prevented . | . . . . Kills | -11 -10 -10 -10 ------- Run | Yrd Mat Min Sub Combat Hostiles Destroyed 19 | . 11 3 5 Guns 13 | . 9 2 2 Cannons 4 | . . 1 3 AOE 2 | . 2 . . Classes Destroyed 7 | . 4 2 1 Worker 2 | . 2 . . Watcher 2 | . 2 . . Swarmer 9 | . 9 . . Grunt 2 | . 2 . . Demolisher 1 | . . 1 . Subdweller 5 | . . . 5 Assembled 2 | . . 2 . Best Kill Streak 6 | . 6 1 2 Combat Bots Only 4 | . 4 1 2 Max Kills in Single Turn 2 | . 2 1 1 Gunslinging 1 | . 1 . . Exploded 2 | . 2 . . Melee . | . . . . Uniques/NPCs Destroyed . | . . . . Combat | -11 -10 -10 -10 -------- Run | Yrd Mat Min Sub Hostile Shots Fired 117 | . 49 15 53 Missed 35 | . 12 2 21 Damage Taken 1205 | . 267 138 800 Core 287 | . 29 25 233 Absorbed by Shields . | . . . . Redirected to Shielding 39 | . . . 39 Ignored by Resistances 352 | . 86 43 223 Regen/Repaired (Parts) 53 | . 53 . . Core Remaining (%) 100 | 100 . . . Volleys Fired 61 | . 27 9 25 Largest 2 | . 2 2 2 Hottest 117 | . 80 100 117 Shots Fired 118 | . 54 18 46 Gun 81 | . 54 9 18 Cannon 37 | . . 9 28 Launcher . | . . . . Special . | . . . . Kinetic 53 | . 12 . 41 Thermal 48 | . 25 18 5 Explosive . | . . . . Electromagnetic 17 | . 17 . . Robot Hit Streak 36 | . 14 7 36 Robot Miss Streak 3 | . 3 2 2 Penetration Max . | . . . . Secondary Targets 2 | . 2 . . Max Gunslinging Chain 1 | . 1 . . Shots Hit Robots 87 | . 35 12 40 Core Hits 30 | . 17 5 8 Critical Kills . | . . . . Critical Parts Destroyed 3 | . . . 3 Critical Strikes 10 | . . . 10 Destroy 10 | . . . 10 Melee Attacks . | . . . . Impact . | . . . . Slashing . | . . . . Piercing . | . . . . Sneak Attacks . | . . . . Combat Hostiles . | . . . . Follow-up Attacks . | . . . . Damage Inflicted 1370 | . 480 167 723 Guns 756 | . 407 80 269 Cannons 541 | . . 87 454 Explosions 73 | . 73 . . Melee . | . . . . Ramming . | . . . . Kinetic 744 | . 73 . 671 Thermal 470 | . 251 167 52 Explosive . | . . . . Electromagnetic 156 | . 156 . . Impact . | . . . . Slashing . | . . . . Piercing . | . . . . Highest Corruption 1 | . 1 1 1 Average Corruption 1 | . 1 1 1 Corruption Purged . | . . . . Corruption Blocked . | . . . . Effects 16 | . 6 5 5 Message Errors 5 | . 2 2 1 Matter Fused 7 | . 3 1 3 Heat Flow Errors 2 | . 1 1 . Energy Discharges 1 | . . . 1 Data Loss (minor) 1 | . . 1 . Overload Shots . | . . . . Overflow Damage . | . . . . Projectiles . | . . . . Explosions . | . . . . Melee . | . . . . Knockbacks 7 | . . . 7 Impact . | . . . . Kinetic 7 | . . . 7 Secondary . | . . . . Self-Inflicted Damage 29 | . 29 . . Shots 1 | . 1 . . Rammed . | . . . . Targets Rammed . | . . . . Kicked . | . . . . Crushed . | . . . . Highest Temperature 255 | . 193 255 6 Average Temperature 48 | . 33 74 6 Received Heat Transfer 202 | . 30 100 72 Siege Activations . | . . . . Robots Corrupted . | . . . . Combat Hostiles . | . . . . Parts Fried . | . . . . Impact Corruptions . | . . . . Robots Melted . | . . . . Combat Hostiles . | . . . . Parts Melted 3 | . 3 . . Heat Transferred 921 | . 450 360 111 Parts Sabotaged . | . . . . Parts Stolen . | . . . . Parts Stripped . | . . . . Power Chain Reactions 1 | . 1 . . Alert | -11 -10 -10 -10 ------- Run | Yrd Mat Min Sub Peak Influence 166 | . 166 51 . Initial 36 | . . 36 . Average 42 | . 62 24 . Maximum Alert Level . | . . . . Low Security (%) 100 | 100 100 100 . Level 1 . | . . . . Level 2 . | . . . . Level 3 . | . . . . Level 4 . | . . . . Level 5 . | . . . . High Security . | . . . . Max Security . | . . . . Squads Dispatched 1 | . 1 . . Investigation 1 | . 1 . . Extermination . | . . . . Reinforcement . | . . . . Assault . | . . . . Garrison . | . . . . Intercept . | . . . . Searches Triggered . | . . . . Construction Impeded . | . . . . Haulers Reinforced . | . . . . Active Scanning Responses . | . . . . Cargo Convoy Interrupts . | . . . . Stealth | -11 -10 -10 -10 --------- Run | Yrd Mat Min Sub Distress Signals 1 | . . 1 . Communications Jammed . | . . . . Distress Signals . | . . . . Times Spotted 29 | . 18 5 6 Peak Tracking Total 4 | . 4 2 2 Tactical Retreats 1 | . 1 . . Traps | -11 -10 -10 -10 ------- Run | Yrd Mat Min Sub Traps Triggered 1 | . 1 . . Indirectly . | . . . . Trap Hack Attempts . | . . . . Triggered . | . . . . Disarmed . | . . . . Reprogrammed 4 | . 4 . . Reused . | . . . . Traps Extracted . | . . . . Installed . | . . . . Triggered . | . . . . Machines | -11 -10 -10 -10 ---------- Run | Yrd Mat Min Sub Machines Disabled . | . . . . Max in Single Turn . | . . . . Machines Repaired . | . . . . Machines Dismantled . | . . . . Machines Sabotaged . | . . . . Overloaded Fab Kills . | . . . . Hacking | -11 -10 -10 -10 --------- Run | Yrd Mat Min Sub Machines Accessed 8 | . 8 . . Terminals 5 | . 5 . . Fabricators . | . . . . Repair Stations 1 | . 1 . . Recycling Units 2 | . 2 . . Scanalyzers . | . . . . Garrison Access . | . . . . Total Hacks 18 | . 18 . . Successful 10 | . 10 . . Failed 8 | . 8 . . Catastrophic . | . . . . Database Lockouts . | . . . . Manual . | . . . . Terminals 14 | . 14 . . Fabricators . | . . . . Repair Stations 2 | . 2 . . Recycling Units 2 | . 2 . . Scanalyzers . | . . . . Garrison Access . | . . . . Terminal Hacks 6 | . 6 . . Emergency Access Points 1 | . 1 . . Terminal Index 1 | . 1 . . Locate Traps 2 | . 2 . . Reprogram Traps 1 | . 1 . . Zone Layout 1 | . 1 . . Fabricator Hacks . | . . . . Repair Station Hacks 2 | . 2 . . Scan Component 1 | . 1 . . Repair 1 | . 1 . . Recycling Unit Hacks 2 | . 2 . . Report Inventory 2 | . 2 . . Scanalyzer . | . . . . Garrison Access Hacks . | . . . . Unauthorized Hacks . | . . . . Terminals . | . . . . Fabricators . | . . . . Repair Stations . | . . . . Recycling Units . | . . . . Scanalyzers . | . . . . Garrison Access . | . . . . Data Cores Recovered . | . . . . Used . | . . . . Hacking Detections 6 | . 6 . . Full Trace Events 1 | . 1 . . Feedback Events 1 | . 1 . . Corruption 1 | . 1 . . Feedback Blocked . | . . . . Robot Schematics Acquired . | . . . . Robots Built . | . . . . Authchips . | . . . . Time . | . . . . Total Robot Build Rating . | . . . . Part Schematics Acquired . | . . . . Parts Built . | . . . . Authchips . | . . . . Time . | . . . . Total Part Build Rating . | . . . . Parts Repaired 1 | . 1 . . Time 26 | . 26 . . Parts Recycled . | . . . . Recycled Matter . | . . . . Retrieved Matter . | . . . . Retrieved Components . | . . . . Parts Scanalyzed . | . . . . Part Schematics Acquired . | . . . . Parts Damaged . | . . . . Bothacking | -11 -10 -10 -10 ------------ Run | Yrd Mat Min Sub Used RIF Installer . | . . . . Robots Hacked . | . . . . Non-combat . | . . . . Combat . | . . . . Robot Hacks Applied . | . . . . Relay Couplers Released . | . . . . Fabnet Peak Effective % . | . . . . Robots Rewired . | . . . . Allies Hacked . | . . . . Hacks Repelled . | . . . . Allies | -11 -10 -10 -10 -------- Run | Yrd Mat Min Sub Total Allies . | . . . . Largest Group . | . . . . Highest-Rated Group . | . . . . Highest-Rated Ally . | . . . . Total Orders . | . . . . Ally Attacks . | . . . . Total Damage . | . . . . Kills . | . . . . Allies Corrupted . | . . . . Allies Melted 1 | . . 1 . Intel | -11 -10 -10 -10 ------- Run | Yrd Mat Min Sub Robot Analysis Total . | . . . . Derelict Logs Recovered 1 | . . 1 . Drone Launches . | . . . . Drone Recoveries . | . . . . Exploration | -11 -10 -10 -10 ------------- Run | Yrd Mat Min Sub Turns Passed 2682 | 85 1038 951 608 Spaces Moved 1520 | 52 546 564 358 Core 26 | 23 3 . . Treads 1340 | 29 543 564 204 Legs . | . . . . Wheels 154 | . . . 154 Hover . | . . . . Flight . | . . . . Fastest Speed 50 | 50 150 160 100 Average Speed 154 | 120 159 160 140 Slowest Speed 160 | 160 160 160 160 Overloaded Moves . | . . . . Propulsion Burnouts . | . . . . Robots Hopped . | . . . . Cave-ins Triggered . | . . . . Exploration Rate (%) 48 | 4 87 76 27 Regions Visited 3 Branch Regions 2 Pre-discovered Areas . | . . . . Known Exits Taken 2 | . 1 1 . Unknown Exits Taken 1 | 1 . . . Scrap Searched 1 | . . 1 . Spaces Dug . | . . . . Terrain Destroyed 10 | . 2 . 8 Melee . | . . . . Projectile 8 | . . . 8 AOE 2 | . 2 . . Terrain Rammed . | . . . . Walls Destroyed . | . . . . Machines Disabled . | . . . . Actions | -11 -10 -10 -10 --------- Run | Yrd Mat Min Sub Total 1747 | 73 659 597 418 Wait 117 | 10 61 17 29 Move 1517 | 51 545 563 358 Hop . | . . . . Pick Up 17 | 7 6 3 1 Fast Attach 9 | 2 7 . . Attach 10 | 3 3 . 4 Detach 2 | . 1 . 1 Swap 3 | . 2 1 . Drop 11 | . 7 4 . Fire 61 | . 27 9 25 Melee . | . . . . Ram . | . . . . Kick . | . . . . Crush . | . . . . Escape Stasis . | . . . . Rewire . | . . . . Trap . | . . . . Miscellaneous . | . . . . Route ------- -11/Scrapyard -10/Materials (discovered 4 exits: *Mat x3 / *Min) -10/Mines (discovered 2 exits: *Mat / *Sub) -10/Subcaves History --------- Turn | Location | Event 34 | -11/Scrapyard | Discovered new exit (range 16) 86 | -11/Scrapyard | Entered Materials 309 | -10/Materials | Build established: Mutant 370 | -10/Materials | Discovered new exit (range 7) 384 | -10/Materials | Identified exit to Materials 636 | -10/Materials | Repaired Lgt. Treads 724 | -10/Materials | Discovered new exit (range 6) 730 | -10/Materials | Identified exit to Mines 790 | -10/Materials | Discovered exit to Materials (range 16) 1047 | -10/Materials | Discovered exit to Materials (range 5) 1124 | -10/Materials | Entered Mines 1158 | -10/Mines | Learned 2 Materials zone layouts 1193 | -10/Mines | Joined a pair of Derelicts in attacking an 0b10 outpost 1350 | -10/Mines | Discovered exit to Materials (range 14) 1466 | -10/Mines | Assembled infested the area 1808 | -10/Mines | A weapon hastily lodged in a ceiling crevice suddenly fell to the ground 2069 | -10/Mines | Discovered new exit (range 4) 2074 | -10/Mines | Identified exit to Subcaves 2075 | -10/Mines | Entered Subcaves 2259 | -10/Subcaves | Core integrity fell below 50% 2499 | -10/Subcaves | Core integrity fell below 20% 2602 | -10/Subcaves | Shifting Twisted Machinery released Piercing Trap 2610 | -10/Subcaves | Shifting Twisted Machinery released Barrage Gun 2683 | -10/Subcaves | Destroyed by 0F-EDJ(R) with Subdweller Shrapnel Launcher Last Messages --------------- 02500_ F4-899(R) destroyed. 02506_ Acquired 13 matter. 02508_ Acquired 3 matter. 02509_ Acquired 7 matter. 02543_ #WRJZ OUJG3W/2CKT%Q0S,ZHXAH0Q&0E 02594_ Acquired 10 matter. 02595_ Acquired 15 matter. 02598_ System corrupted: Matter fused (-9). 02598_ Acquired 12 matter. Piercing Trap falls loose from the Twisted Machinery. Barrage Gun falls loose from the Twisted Machinery. 02621_ Acquired 14 matter. 02652_ Acquired 12 matter. 02660_ Acquired Barrage Gun. 02678_ 0F-EDJ(R): "MADSUB!" 02679_ Subatomizers dissect the Wheel. 02679_ Imp. Ion Engine destroyed. 02679_ Bore Cannon destroyed. Map ----- +----------------------------------------------------+ | ?????????????????????????????????????????????????? | | ?????????????????????????????????????????????????? | | ?????????????????????????????????????????????????? | | ?????????????????????????????????????????????????? | | ?????????????????????????????????????????????????? | | ?????????????????????????????????????????????????? | | ?????????????????????????????????????????????????? | | ?????????????????????????????????????????????????? | | ?????????????????????????????????????????????????? | | ?????????????????????????????????????????????????? | | ?????????????????????????????????????????????????? | | ?????????????????????????????????????????????????? | | ?????????????????????????## ?????????????????????? | | ????????????????????????# #???????????????????? | | ???????????????????????? ???????????????????? | | ???????????????????????? ???????????????????? | | ???????????????????????? """ #??????????????????? | | ???????????????????????? " ""##?????#???????????? | | ?????????????###????##### " ###? ???????????? | | ???????????### ##?##;;;; """ # ????????????? | | ???????????? ## ; "" "?????????????? | | ????????????? % #??????????????? | | ???????????????? ; " "???????????????? | | ???????? ????????# ; """????????????????? | | ???????? ???????# R """""???????????????? | | ??????? ?????# @ """ ??????????????? | | ???????? ????# """ #???????????????? | | ??????? ??#; # ##???????????????? | | ??????? ?#; ; #?#????????????????? | | ??????????# # #; #??????? ?????????? | | ???????????# #### #?????? ?????????? | | ???????????## #??? #????? ??????????? | | ????????????# # # #??? ##???## ??????????? | | ????????????# #### ##???$ ?## ???????????? | | ????????????# ??# #???## ???????????? | | ???????????# ???## ##???? ## ????????????? | | ??????????# ???## #???## #?# ????????????? | | ?????????# ????# #???# "### #????????????? | | ???????? ????## ##??#""" ?# #????????????? | | ????????? ?????## ##??# ##? #????????????? | | ???????????????# #### ### #????????????? | | ???????????????# """ ## # #?#########??? | | ???????????????# ### " " " "### #??? | | ???????????????#####??##" "" " ""## #???? | | ???????????????????????#"## """ " " #####???? | | ???????????????????????##### """" #???????? | | ???????????????????????????##&""" "### #???????? | | ????????????????????????????# "#######???????? | | ????????????????????????????# "#????????????? | | ????????????????????????????# ##% #??? ???????? | +----------------------------------------------------+ Best States ------------- Heat Dissipation 25 Energy Generation 12 Energy Capacity 265 Matter Stores 300 Matter Capacity 300 Sight Range 16 Terrain Scan Density 10 Resistance: KI 20 Resistance: TH 20 Resistance: EX 20 Resistance: EM 20 Resistance: I 20 Resistance: S 20 Resistance: P 20 Core Shielding 20 Evasion (%) 40 Recoil Reduction 2 Offensive Hacking 10 Item Schematics ----------------- None Robot Schematics ------------------ None Fabricated ------------ Nothing Alien Tech Used ----------------- None Achievements -------------- I Survived The Infestation Challenges ------------ None Game ------ Seed InertialPiercingActivator Manual? 0 Play Time 00:28:24 Cumulative 20.1 hours Start 2024.09.03 @ 21:28:34 End 2024.09.03 @ 21:52:18 Sessions 1 Manual Loads 0 Difficulty Adventurer Special Mode None Game No. 20 Rogue 2 Adventurer 18 Explorer 0 Win Type - Total 0 Types 0/0/0/0/0/0/0/0/0 Lore% 10 Gallery% 17 Achievement% 14 Wizard Run 0 Options --------- Layout 1 ASCII 0 Keyboard 0 Movement Mouse Keybinds 0 Fullscreen 1 Font 24/Smallcaps Map View 50x35 Zoom Use 0% Tactical HUD 1 Map Filters NONE Filters NONE Steam 1 RUN: a42a52a9-5b70-4de8-8ad6-c8e54e94c904